 Dungeon Crawl Stone Soup version 0.28.0-47-ge53b351184 (webtiles) character file.

Game seed: 15605673262207878062

79 Keeper01 the Skirmisher (level 4, 0/41 HPs)
             Began as a Hill Orc Abyssal Knight on May 10, 2022.
             Was a Follower of Lugonu.
             Slain by a gnoll
             ... wielding a +0 club
              (3 damage)
             ... on level 2 of the Dungeon.
             The game lasted 00:07:28 (1414 turns).

Keeper01 the Skirmisher (Hill Orc Abyssal Knight)   Turns: 1414, Time: 00:07:28

Health: 0/41       AC:  6    Str: 17    XL:     4   Next: 38%
Magic:  5/5        EV:  9    Int: 10    God:    Lugonu [*.....]
Gold:   58         SH:  0    Dex: 11    Spells: 3/3 levels left

rFire   + . .      SeeInvis .   e - +2 falchion (venom)
rCold   . . .      Faith    .   (no shield)
rNeg    . . .      Spirit   .   g - +0 scale mail
rPois   .          Reflect  .   (no helmet)
rElec   .          Harm     .   (no cloak)
rCorr   .          Rampage  .   (no gloves)
Will    .....                   (no boots)
Stlth   ..........              (no amulet)
HPRegen 0.13/turn               h - ring of protection from fire
MPRegen 0.09/turn               (no ring)

@: no status effects
A: no striking features
a: Renounce Religion, Depart the Abyss


You were on level 2 of the Dungeon.
You worshipped Lugonu.
Lugonu was aware of your devotion.
You visited 1 branch of the dungeon, and saw 2 of its levels.
You visited the Abyss 1 time.

You collected 58 gold pieces.

Inventory:

Hand Weapons
 a - a +1 mace
 d - a +0 short sword
 e - a +2 falchion of venom (weapon)
Armour
 b - a +0 leather armour
 g - a +0 scale mail (worn)
Jewellery
 h - a ring of protection from fire (left hand)
Scrolls
 c - 2 scrolls of enchant weapon {unknown}
 f - a scroll of acquirement {unknown}
 j - a scroll of identify {unknown}
 k - a scroll of enchant armour {unknown}
Potions
 l - a potion of flight {unknown}


   Skills:
 + Level 4.4 Fighting
 + Level 2.2 Long Blades
 + Level 2.6 Maces & Flails
 + Level 2.5 Armour
 + Level 1.3 Dodging
 + Level 2.6 Invocations


You had 3 spell levels left.
You didn't know any spells.
Your spell library contained the following spells:

 Spells                   Type           Power      Damage    Failure   Level
 Foxfire                  Conj/Fire      0%         2x1d4     77%         1
 Conjure Flame            Conj/Fire      0%         6-21      98%         3
 Inner Flame              Hex/Fire       0%         N/A       98%         3
 Flame Wave               Conj/Fire      0%         2d4       100%        4


Dungeon Overview and Level Annotations

Branches:
Dungeon (2/15)

Altars:

Shops:
D:2 ?


Message History

Your endoplasm barely misses the gnoll.
You barely miss the gnoll. Something hits your ball python.
Your ball python dies!
Your ball python's corpse dissolves into shadows!
The gnoll closely misses you.
Your endoplasm barely misses the gnoll.
You slash the gnoll!
The gnoll is severely wounded.
The gnoll barely misses you.
Your endoplasm freezes the gnoll.
The gnoll is frozen.
You completely miss the gnoll.
The gnoll is almost dead.
The gnoll hits you with a +0 flail!
Your endoplasm freezes the gnoll.
The gnoll is frozen.
The gnoll dies!
Lugonu accepts your kill.
Your Long Blades skill increases to level 2!
The gnoll barely misses you.
A worm comes into view.
The gnoll hits you from afar with a +0 spear.
Your endoplasm freezes the gnoll.
The gnoll is frozen.
The gnoll hits your endoplasm with a +0 club!
Your endoplasm dies!
Your endoplasm dissolves into shadows!
The gnoll hits you from afar with a +0 spear.
You barely miss the gnoll.
The gnoll hits you from afar with a +0 spear!
The gnoll barely misses you. The gnoll barely misses you. The gnoll misses you.
The gnoll hits you with a +0 spear.
* * * LOW HITPOINT WARNING * * *
You see here a +0 flail.
You hit the gnoll.
The gnoll is poisoned.
The gnoll is heavily wounded.
The gnoll hits you with a +0 whip.
* * * LOW HITPOINT WARNING * * *
The gnoll hits you with a +0 club.
You die...

#####..##.....#
.)............#
#.#
..#...........##
..#
......###......#
#.. ....###
######)###..#
....# #.##...#
....# ###.##...#
...## #...##g.#
..## #.#..@g?#
### #.#.g##.#
#...## .#
w.w....# .#
...#.#.# .# ..
#.#.# .# . #.#.#
.# # #.# ## #.


You could see a worm and 3 gnolls.

Vanquished Creatures
  Jessica (D:2)
  A worm (D:2)
  2 endoplasms
  2 giant cockroaches (D:1)
  7 goblins
  3 hobgoblins
  2 jackals (D:1)
  A quokka (D:1)
  3 ball pythons
  5 bats
  4 frilled lizards
  4 kobolds
  6 rats (D:1)
41 creatures vanquished.

Vanquished Creatures (collateral kills)
  A gnoll (D:2)
1 creature vanquished.

Grand Total: 42 creatures vanquished

Notes
Turn   | Place    | Note
-------+----------+-------------------------------------------
     0 | Abyss:1  | Keeper01 the Hill Orc Abyssal Knight began the quest for
                  | the Orb.
     0 | Abyss:1  | Reached XP level 1. HP: 19/19 MP: 2/2
     8 | D:1      | Escaped the Abyss
   122 | D:1      | Reached skill level 4 in Fighting
   232 | D:1      | Reached XP level 2. HP: 25/27 MP: 3/3
   257 | D:1      | Found a faded altar of an unknown god.
   271 | D:1      | Reached * piety under Lugonu
   289 | D:1      | Reached skill level 1 in Dodging
   454 | D:1      | Reached skill level 1 in Long Blades
   469 | D:1      | Reached XP level 3. HP: 18/33 MP: 4/4
   915 | D:2      | Found Nigimekh's Magic Scroll Shoppe.
   937 | D:2      | Noticed Jessica
   952 | D:2      | Killed Jessica
   953 | D:2      | Reached XP level 4. HP: 29/41 MP: 5/5
  1414 | D:2      | Slain by a gnoll

Illustrated notes

Levels and vault maps discovered:
D:1:      matt_arrival_grand_opening, layout_basic,
          ebering_ecumenical_altar_rust
D:2:      minmay_chambers_of_ones, layout_rooms, serial_shops,
          nicolae_shop_crystal, wad_floor_pattern_untrapped, hex_medium,
          uniq_natasha, uniq_jessica

Skill      XL: |  1  2  3  4 |
---------------+-------------+-----
Fighting       | 4 |  4.4
Dodging        | 1 |  1.3
Long Blades    | 1 2 |  2.2
Maces & Flails | |  2.6
Armour         | |  2.5
Invocations    | |  2.6

Action                   |  1- 3 |  4- 6 || total
-------------------------+-------+-------++-------
Melee: Falchion          |    65 |    33 ||    98
       Mace              |    10 |       ||    10
Invok: Depart the Abyss  |     1 |       ||     1
  Use: Potion            |     1 |       ||     1
       Scroll            |       |     1 ||     1
Armor: Leather armour    |    39 |       ||    39
       Scale mail        |    17 |     9 ||    26
       Skin              |     9 |       ||     9
Dodge: Dodged            |    63 |    26 ||    89
